 Dungeon Crawl Stone Soup version 0.20-a0-903-g7e3609c (webtiles) character file.

4160 Delwin the Covert (level 10, -9/49 HPs)
             Began as a Spriggan Enchanter on Mar 21, 2017.
             Mangled by a two-headed ogre
             ... wielding a +0 giant spiked club
              (23 damage)
             ... on level 9 of the Dungeon.
             The game lasted 00:29:15 (12533 turns).

Delwin the Covert (Spriggan Enchanter)             Turns: 12533, Time: 00:29:16

Health: -9/49      AC:  3    Str:  4    XL:     10   Next: 7%
Magic:  5/21       EV: 24    Int: 18    God:
Gold:   361        SH:  0    Dex: 19    Spells: 10/23 levels left

rFire    + . .     SeeInvis +   a - +6 dagger
rCold    . . .     Gourm    .   b - +0 robe
rNeg     . . .     Faith    .   (shield restricted)
rPois    .         Spirit   .   (helmet restricted)
rElec    .         Reflect  .   x - +0 cloak
rCorr    .         Harm     .   (gloves unavailable)
MR       +....                  (boots unavailable)
Stlth    ++++++....             z - amulet of magic regeneration
Regen    0.2/turn               m - ring of protection from fire
MPRegen  0.3/turn               i - ring of wizardry

@: very quick
A: unfitting armour, claws 1, hooves 1, see invisible, herbivore 3, speed 3,
slow metabolism 2, sturdy frame 1
a: no special abilities


You were on level 9 of the Dungeon.
You were hungry.

You visited 2 branches of the dungeon, and saw 10 of its levels.

You collected 361 gold pieces.

Inventory:

Hand Weapons
 a - a +6 dagger (weapon)
 r - a +0 dagger of flaming
Missiles
 k - 3 throwing nets (quivered)
 o - 156 arrows
Armour
 b - a +0 robe (worn)
 x - a +0 cloak (worn)
Jewellery
 i - a ring of wizardry (left claw)
 m - a ring of protection from fire (right claw)
 p - an uncursed amulet of rage
 z - an amulet of magic regeneration (around neck)
Wands
 l - a wand of lightning (15/15)
 s - a wand of random effects (18/48)
 t - a wand of flame (27/48)
 y - a wand of lightning (10/15)
 C - a wand of enslavement (16/24)
 D - a wand of flame (30/48)
Scrolls
 h - a scroll of identify
 n - a scroll of blinking
 v - 2 scrolls of teleportation
 A - 4 scrolls of remove curse
Potions
 c - a potion of ambrosia
 e - a potion of lignification
 f - 2 potions of agility
 g - a potion of heal wounds
 j - a potion of flight
 q - 3 potions of haste
 u - 3 potions of brilliance
 B - a potion of berserk rage {unknown}
Comestibles
 d - 8 bread rations
 w - 2 royal jellies


   Skills:
 + Level 4.0 Fighting
 + Level 5.2 Short Blades
 + Level 7.8 Dodging
 + Level 13.6 Stealth
 + Level 7.1 Spellcasting
 + Level 7.8 Hexes


You had 10 spell levels left.
You knew the following spells:

 Your Spells              Type           Power        Failure   Level  Hunger
a - Ensorcelled Hibernat  Hex/Ice        ###...       1%          2    None
b - Corona                Hex            ####...      1%          1    None
c - Confuse               Hex            ####....     1%          3    ##.....
d - Tukima's Dance        Hex            ####....     1%          3    ##.....
e - Dazzling Spray        Conj/Hex       ###...       4%          3    ##.....
f - Apportation           Tloc           #.....       4%          1    None


Dungeon Overview and Level Annotations

Branches:
Dungeon (9/15)             Temple (1/1) D:7            Lair (0/6) D:8
    Orc: D:9-12

Altars:
Ashenzari
Cheibriados
Elyvilon
Fedhas
Gozag
Hepliaklqana
Kikubaaqudgha
Makhleb
Nemelex Xobeh
Okawaru
Qazlal
Ru
Sif Muna
Trog
Uskayaw
Vehumet
Wu Jian
Xom
Yredelemnul
The Shining One

Shops:
D:7 (


Innate Abilities, Weirdness & Mutations

You are very small and have problems with some larger weapons.
You are too small for most types of armour.
You have supernaturally acute eyesight. (SInv)
You are a herbivore.
You cover ground extremely quickly.
You need consume almost no food.
You have sharp fingernails.
You have large cloven feet.
Your movements are slightly less encumbered by armour. (ER -2)


Message History

Aiming: Ensorcelled Hibernation
Press: ? - help, Shift-Dir - straight line, f/p - two-headed ogre
Aim: a two-headed ogre, wielding two giant spiked clubs (chance to defeat MR: 32%)
The two-headed ogre easily resists.
Casting: Ensorcelled Hibernation
Confirm with . or Enter, or press ? or * to list all spells.
Aiming: Ensorcelled Hibernation
Press: ? - help, Shift-Dir - straight line, f/p - two-headed ogre
Aim: a two-headed ogre, wielding two giant spiked clubs (chance to defeat MR: 32%)
The two-headed ogre easily resists.
The crimson imp blinks!
Casting: Ensorcelled Hibernation
Confirm with . or Enter, or press ? or * to list all spells.
Aiming: Ensorcelled Hibernation
Press: ? - help, Shift-Dir - straight line, f/p - two-headed ogre
Aim: a two-headed ogre, wielding two giant spiked clubs (chance to defeat MR: 32%)
The two-headed ogre easily resists.
The two-headed ogre hits you with a giant spiked club!
* * * LOW HITPOINT WARNING * * *
The two-headed ogre hits you with a giant spiked club!!
You die...

.. #####.# ......+
#.# ......# #.#
.....# #.# #...#
#?# #...#+###.#
#@O.......#
#.........#####..
#................
#..ยง......#####...
#.....#+####.#
..._..# #.#
#.._8_.# #.#
#..._..# #.#
#...... #.#


You could see a two-headed ogre.

Vanquished Creatures
  A gargoyle (D:6)
  A hippogriff (D:6)
  A water moccasin (D:5)
  Duvessa (D:4)
  2 orc warriors
  An ice beast (D:6)
  5 sky beasts
  4 ogres
  4 centaurs
  A big kobold (D:7)
  7 bullfrogs
  Dowan (D:4)
  4 scorpions
  A wight (D:8)
  3 howler monkeys
  4 crimson imps
  2 hounds
  3 orc priests
  A bullfrog skeleton (D:7)
  A gnoll shaman (D:6)
  2 jellies (D:6)
  9 orc wizards
  Jessica (D:2)
  Natasha (D:4)
  4 worker ants
  A killer bee zombie (D:7)
  11 adders
  A howler monkey skeleton (D:6)
  13 gnolls
  2 shadow imps
  2 oozes
  A worm (D:2)
  A leopard gecko (D:4)
  22 orcs
  8 bats
  5 giant cockroaches
  13 goblins
  4 hobgoblins
  8 jackals
  2 quokkas (D:2)
  6 frilled lizards
  A jackal skeleton (D:5)
  11 kobolds
  2 leopard gecko skeletons
  15 rats
194 creatures vanquished.

Vanquished Creatures (collateral kills)
  2 gnolls
  An orc (D:4)
3 creatures vanquished.

Vanquished Creatures (others)
  A hobgoblin (D:3)
1 creature vanquished.

Grand Total: 198 creatures vanquished

Notes
Turn   | Place    | Note
-------+----------+-------------------------------------------
     0 | D:1      | Delwin the Spriggan Enchanter began the quest for the Orb.
     0 | D:1      | Reached XP level 1. HP: 9/9 MP: 5/5
   141 | D:2      | Reached XP level 2. HP: 2/13 MP: 7/7
   145 | D:2      | Learned a level 2 spell: Ensorcelled Hibernation
  1228 | D:1      | Reached XP level 3. HP: 15/16 MP: 9/9
  1233 | D:1      | Learned a level 3 spell: Confuse
  1237 | D:1      | Learned a level 3 spell: Tukima's Dance
  1781 | D:2      | Noticed Jessica
  1790 | D:2      | Killed Jessica
  1897 | D:2      | Reached skill level 5 in Hexes
  1897 | D:2      | Reached XP level 4. HP: 21/21 MP: 8/11
  2279 | D:2      | Found a hazy altar of Hepliaklqana.
  2544 | D:2      | Found an ancient bone altar of Kikubaaqudgha.
  2689 | D:2      | Reached skill level 5 in Stealth
  2782 | D:2      | Reached XP level 5. HP: 24/24 MP: 3/12
  2970 | D:2      | Reached skill level 6 in Stealth
  3201 | D:3      | Learned a level 3 spell: Dazzling Spray
  3311 | D:3      | Found a white marble altar of Elyvilon.
  3758 | D:3      | Reached skill level 7 in Stealth
  3844 | D:3      | Reached XP level 6. HP: 25/28 MP: 6/13
  4149 | D:3      | Reached skill level 8 in Stealth
  4353 | D:3      | Reached skill level 9 in Stealth
  4771 | D:3      | Noticed a sky beast
  4776 | D:3      | Killed a sky beast
  4776 | D:3      | Reached skill level 10 in Stealth
  4776 | D:3      | Reached XP level 7. HP: 32/32 MP: 11/14
  5258 | D:4      | Reached skill level 11 in Stealth
  5302 | D:4      | Noticed Duvessa
  5302 | D:4      | Noticed Dowan
  5309 | D:4      | Killed Duvessa
  5327 | D:4      | Killed Dowan
  5537 | D:4      | Reached skill level 12 in Stealth
  6052 | D:4      | Found a sacrificial altar of Ru.
  6066 | D:4      | Found a burning altar of Makhleb.
  6272 | D:4      | Gained mutation: Your movements are slightly less encumbered by armour. (ER -2) [potion of mutation]
  6272 | D:4      | Gained mutation: You have sharp fingernails. [potion of mutation]
  6272 | D:4      | Gained mutation: You have large cloven feet. [potion of mutation]
  6362 | D:4      | Noticed Natasha
  6375 | D:4      | Killed Natasha
  6892 | D:4      | Reached skill level 1 in Fighting
  6939 | D:3      | Reached XP level 8. HP: 23/37 MP: 11/16
  7221 | D:5      | Entered Level 5 of the Dungeon
  7239 | D:5      | Reached skill level 5 in Spellcasting
  7819 | D:5      | Reached skill level 5 in Dodging
  8095 | D:5      | Found an opulent altar of Gozag.
  8207 | D:6      | Found an iron altar of Okawaru.
  8228 | D:6      | Noticed a gargoyle
  8472 | D:6      | Killed a gargoyle
  8472 | D:6      | Reached XP level 9. HP: 43/43 MP: 15/19
  9299 | D:6      | Reached skill level 13 in Stealth
 10774 | D:7      | Found Guntis's Antique Weapon Emporium.
 10787 | D:7      | Found a snail-covered altar of Cheibriados.
 10831 | D:7      | Found a staircase to the Ecumenical Temple.
 10848 | Temple   | Entered the Ecumenical Temple
 10971 | D:7      | Found a blossoming altar of Fedhas.
 11267 | D:7      | Learned a level 1 spell: Apportation
 11685 | D:7      | Reached skill level 5 in Short Blades
 11879 | D:8      | Noticed a death yak
 11880 | D:8      | Noticed a death yak
 11883 | D:8      | Found a staircase to the Lair.
 11884 | D:8      | Noticed a death yak
 11884 | D:8      | Noticed a death yak
 11885 | D:8      | Noticed a death yak
 11887 | D:8      | Noticed a death yak
 12391 | D:8      | Reached XP level 10. HP: 49/49 MP: 18/21
 12488 | D:8      | Noticed a two-headed ogre
 12524 | D:9      | Found a sparkling altar of Nemelex Xobeh.
 12525 | D:9      | Found a shattered altar of Ashenzari.
 12528 | D:9      | Found a glowing golden altar of the Shining One.
 12528 | D:9      | Found a bloodstained altar of Trog.
 12533 | D:9      | Mangled by a two-headed ogre

Vault maps used:
D:1:      dpeg_arrival_court, serial_park_tiny_1
D:2:      marbit_many_paths, kiku_gazebo_garden_becter, minmay_misc_feat_doors,
          uniq_jessica
D:3:      elyvilon_altar_4
D:4:      old_standard_altar, serial_park_tiny_pond, minivault_27,
          minmay_misc_feat_pillars, nicolae_ru_great_annihilating_truth,
          uniq_duvessa, uniq_natasha
D:5:      nicolae_overflow_hidden_temple, first_bread
D:6:      okawaru_metal_pillars_3, minmay_misc_feat_alley
D:7:      cheibriados_altar_1, kennysheep_mini_moat, minmay_temple_entry_glass,
          serial_shops, shop
D:8:      dpeg_lair_monsters, the_bakery
D:9:      chequers_temple_overflow_statue_of_worship,
          gammafunk_temple_overflow_elements, minivault_14,
          kennysheep_generic_room_15
Temple:   dpeg_three_leaves_temple

Skill      XL: |  1  2  3  4  5  6  7  8  9 10 |
---------------+-------------------------------+-----
Spellcasting   | 3 4 6 7 |  7.1
Hexes          | 4 5 6 7 |  7.8
Stealth        | 5 7 10 12 13 | 13.6
Fighting       | 1 2 3 4 |  4.0
Dodging        | 5 7 |  7.8
Short Blades   | 3 5 |  5.2

Action                   |  1- 3 |  4- 6 |  7- 9 | 10-12 || total
-------------------------+-------+-------+-------+-------++-------
Melee: Dagger            |    97 |   117 |   328 |     6 ||   548
       Kick              |       |       |    45 |     2 ||    47
 Cast: Corona            |     6 |       |       |       ||     6
       Ensorcelled Hiber |     9 |    30 |   103 |     8 ||   150
       Tukima's Dance    |       |     2 |     2 |       ||     4
       Confuse           |       |     2 |    24 |     3 ||    29
       Dazzling Spray    |       |       |     5 |       ||     5
  Use: Scroll            |     7 |     6 |    12 |     1 ||    26
       Potion            |     2 |       |     5 |       ||     7
 Stab: Sleeping          |    12 |    24 |    68 |     3 ||   107
       Confused          |       |     1 |    10 |     1 ||    12
       Distracted        |       |       |     2 |       ||     2
       Paralysed         |       |       |     1 |       ||     1
  Eat: Bread ration      |       |     1 |       |       ||     1
       Royal jelly       |       |       |     2 |       ||     2
       Fruit             |       |       |     2 |       ||     2
Armor: Robe              |     9 |     8 |    21 |       ||    38
Dodge: Dodged            |    82 |    75 |   315 |     5 ||   477
